 Dungeon Crawl Stone Soup version 0.20-a0-633-gff4aa5c (webtiles) character file.

345 polly the Covert (level 6, -13/30 HPs)
             Began as a Spriggan Assassin on Feb 12, 2017.
             Killed by divine providence
             ... invoked by an orc priest
              (14 damage)
             ... on level 3 of the Dungeon.
             The game lasted 00:04:16 (2547 turns).

polly the Covert (Spriggan Assassin)                Turns: 2547, Time: 00:04:18

Health: -13/30     AC:  3    Str:  7    XL:     6   Next: 32%
Magic:  7/7        EV: 19    Int: 13    God:
Gold:   154        SH:  0    Dex: 19    Spells: 5/5 levels left

rFire    . . .     SeeInvis +   a - +2 dagger
rCold    . . .     Gourm    .   c - +0 robe
rNeg     . . .     Faith    .   (shield restricted)
rPois    .         Spirit   .   (helmet restricted)
rElec    .         Reflect  .   d - +0 cloak
rCorr    .         Harm     .   (gloves unavailable)
MR       +....                  (boots unavailable)
Stlth    ++++......             (no amulet)
Regen    0.1/turn               (no ring)
                                (no ring)

@: very quick
A: unfitting armour, see invisible, blink, herbivore 3, speed 3, slow metabolism
2, sturdy frame 1
a: Blink


You were on level 3 of the Dungeon.
You were not hungry.

You visited 1 branch of the dungeon, and saw 3 of its levels.

You collected 154 gold pieces.

Inventory:

Hand Weapons
 a - a +2 dagger (weapon)
 b - a +0 blowgun
Missiles
 e - 31 poisoned needles
Armour
 c - a +0 robe (worn)
 d - a +0 cloak (worn)
Jewellery
 m - an uncursed ring of protection from cold {unknown}
Scrolls
 f - a scroll of immolation {unknown}
 i - a scroll of remove curse {unknown}
 l - a scroll of blinking {unknown}
 n - a scroll of teleportation {unknown}
 o - 5 scrolls of identify {unknown}
 q - a scroll of noise {unknown}
Potions
 h - a potion of mutation
 j - a potion of lignification {unknown}
 k - 3 potions of magic {unknown}
 p - 2 potions of invisibility {unknown}
 r - a potion of agility {unknown}
Comestibles
 g - 3 bread rations


   Skills:
 + Level 2.1 Fighting
 + Level 4.5 Short Blades
 + Level 2.1 Throwing
 + Level 3.6 Dodging
 + Level 9.0 Stealth


You had 5 spell levels left.
You didn't know any spells.

Dungeon Overview and Level Annotations

Branches:
Dungeon (3/15)

Altars:


Innate Abilities, Weirdness & Mutations

You are very small and have problems with some larger weapons.
You are too small for most types of armour.
You have supernaturally acute eyesight. (SInv)
You are a herbivore.
You cover ground extremely quickly.
You need consume almost no food.
You can translocate small distances at will.
Your movements are slightly less encumbered by armour. (ER -2)


Message History

The orc priest is heavily wounded.
The orc wizard casts a spell at you. The puff of flame hits you!
You hit the orc priest.
The orc priest is severely wounded.
The orc priest completely misses you. The worm closely misses you.
The orc wizard points at you and mumbles some strange words.
The magic dart hits you!
You hit the orc priest.
The orc priest is severely wounded.
The orc priest invokes the aid of Beogh against you.
Beogh smites you!
* * * LOW HITPOINT WARNING * * *
It was a potion of mutation.
You feel extremely strange.
You feel less encumbered by your armour.
You feel jittery. The orc wizard barely misses you.
The orc priest calls down the wrath of Beogh upon you.
Beogh smites you!
You die...

..# #....##+### #####..........
..# ##.###.....###...+......†.(.
..# #..##.....#.....#..........
..######.##.....#.....##.....####
..........#.....#.....##...#.#
........#.#.....#..........#.#
........#.#.....+.....<#...#.#
........#.#....o#o..).######.#
........#.#....)@.....'......#
........#.#....w......########
........#.##+###.###### .....%...
#.# #.. ... ?.. .....


You could see a worm, an orc priest and an orc wizard (invisible).

Vanquished Creatures
  Sigmund (D:2)
  Jessica (D:2)
  Natasha (thrice) (D:3)
  An adder (D:2)
  An ooze (D:1)
  A leopard gecko (D:2)
  6 orcs (D:3)
  8 giant cockroaches
  10 goblins
  4 hobgoblins
  7 jackals (D:1)
  A quokka (D:2)
  5 bats
  8 frilled lizards
  5 kobolds
  9 rats
71 creatures vanquished.

Notes
Turn   | Place    | Note
-------+----------+-------------------------------------------
     0 | D:1      | polly the Spriggan Assassin began the quest for the Orb.
     0 | D:1      | Reached XP level 1. HP: 10/10 MP: 2/2
    69 | D:1      | Reached skill level 6 in Stealth
    75 | D:1      | Reached XP level 2. HP: 9/14 MP: 3/3
   681 | D:1      | Reached XP level 3. HP: 18/18 MP: 4/4
   710 | D:1      | Reached skill level 7 in Stealth
  1410 | D:2      | Noticed Sigmund
  1413 | D:2      | Killed Sigmund
  1413 | D:2      | Reached skill level 8 in Stealth
  1413 | D:2      | Reached XP level 4. HP: 23/23 MP: 5/5
  1413 | D:2      | Reached XP level 5. HP: 26/26 MP: 6/6
  1483 | D:2      | Noticed Jessica
  1496 | D:2      | Killed Jessica
  1867 | D:3      | Noticed Natasha
  1882 | D:3      | Killed Natasha
  1882 | D:3      | Reached XP level 6. HP: 9/30 MP: 7/7
  1989 | D:3      | Noticed Natasha
  2002 | D:3      | Killed Natasha
  2178 | D:3      | Noticed Natasha
  2191 | D:3      | Killed Natasha
  2472 | D:3      | Reached skill level 9 in Stealth
  2546 | D:3      | HP: 1/30 [orc priest/divine providence (14)]
  2547 | D:3      | Gained mutation: Your movements are slightly less encumbered by armour. (ER -2) [potion of mutation]
  2547 | D:3      | Gained mutation: You can translocate small distances at will. [potion of mutation]
  2547 | D:3      | Killed from afar by an orc priest

Vault maps used:
D:1:      minmay_arrival_nine_rooms
D:2:      minmay_cut_off, uniq_sigmund, uniq_jessica
D:3:      uniq_natasha

Skill      XL: |  1  2  3  4  5  6 |
---------------+-------------------+-----
Stealth        | 6 8 9 |  9.0
Dodging        | 2 3 |  3.6
Short Blades   | 4 |  4.5
Fighting       | 2 |  2.1
Throwing       | |  2.1

Action                   |  1- 3 |  4- 6 || total
-------------------------+-------+-------++-------
Melee: Dagger            |   130 |   123 ||   253
 Fire: Blowgun           |       |    11 ||    11
  Use: Potion            |       |     3 ||     3
 Stab: Sleeping          |    10 |    13 ||    23
       Distracted        |     3 |     1 ||     4
Armor: Robe              |    15 |     5 ||    20
Dodge: Dodged            |    88 |    84 ||   172
